 Dungeon Crawl Stone Soup version 0.27.1-33-g824d729ab1 (webtiles) character file.

Game seed: 5533391636134596896

29353 Garessta the Bewitcher (level 13, 0/74 HPs)
             Began as a Vampire Enchanter on Dec 11, 2021.
             Was a High Priest of Dithmenos.
             Slain by a six-headed hydra (4 damage)
             ... on level 3 of the Lair of Beasts.
             The game lasted 01:00:03 (15544 turns).

Garessta the Bewitcher (Vampire Enchanter)         Turns: 15544, Time: 01:00:03

Health: 0/74       AC: 10    Str:  7    XL:     13   Next: 14%
Magic:  17/17      EV: 16    Int: 21    God:    Dithmenos [*****.]
Gold:   1639       SH:  0    Dex: 18    Spells: 8/17 levels left

rFire    + . .     SeeInvis +   e - +5 quick blade of Askiu {spect, rN+ rCorr Int+2}
rCold    + + .     Faith    .   (no shield)
rNeg     + + +     Spirit   .   b - +0 robe
rPois    ∞         Reflect  .   k - +2 helmet
rElec    +         Harm     .   u - +1 cloak
rCorr    +         Rampage  +   t - +0 pair of gloves "Azauluod" {Rampage rElec}
Will     +....                  D - +1 pair of boots {Fly} Stlth ****++++++
                                l - amulet of magic regeneration
HPRegen  0.00/turn              p - ring of wizardry
MPRegen  0.40/turn              C - ring "Isyj Pae" {+Blink rF+}

@: flying, bloodless, inhibited regen, wreathed by umbra
A: bloodless, fangs 3, see invisible, vampiric 2
a: Bat Form, Revivify, Renounce Religion, Evoke Blink, Shadow Step, Shadow Form


You were on level 3 of the Lair of Beasts.
You worshipped Dithmenos.
Dithmenos was extremely pleased with you.
You visited 3 branches of the dungeon, and saw 17 of its levels.

You collected 1639 gold pieces.

Inventory:

Hand Weapons
 e - the +5 quick blade of Askiu (weapon) {spect, rN+ rCorr Int+2}
   (You acquired it on level 5 of the Dungeon)

   When its wielder attacks, the weapon's spirit leaps out and strikes again.
   The spirit shares a part of any damage it takes with its wielder.
   Int:       It affects your intelligence (+2).
   rN:        It protects you from negative energy.
   rCorr:     It protects you from acid and corrosion.
Armour
 b - a +0 robe (worn)
 k - a +2 helmet (worn)
 t - the +0 pair of gloves "Azauluod" (worn) {Rampage rElec}
   (You acquired it on level 6 of the Dungeon)

   rElec:     It insulates you from electricity.
   Rampage:   It bestows one free step when moving towards enemies.
 u - a +1 cloak (worn)
 D - a +1 pair of boots of flying (worn)
Jewellery
 l - an amulet of magic regeneration (around neck)
 p - a ring of wizardry (left hand)
 x - a ring of resist corrosion
 B - the ring of Wu Jian's Castigation {*Corrode Will+++ EV+4 Str+6}
   (You acquired it on level 5 of the Dungeon)

   [ring of evasion]

   EV:        It affects your evasion (+4).
   Str:       It affects your strength (+6).
   *Corrode:  It may corrode you when you take damage.
   Will:      It greatly increases your willpower.
 C - the ring "Isyj Pae" (right hand) {+Blink rF+}
   (You acquired it on level 5 of the Dungeon)

   [ring of protection from fire]

   rF:        It protects you from fire.
   +Blink:    It lets you blink.
 F - a ring of flight
Wands
 a - a wand of digging (23)
 j - a wand of flame (41)
 m - a wand of polymorph (8)
 q - a wand of iceblast (9)
 s - a wand of paralysis (8)
 K - a wand of charming (11)
Scrolls
 d - 2 scrolls of enchant weapon
 f - 2 scrolls of teleportation
 h - 2 scrolls of fog
 i - 2 scrolls of identify
 v - 3 scrolls of immolation
 w - a scroll of brand weapon
 y - 4 scrolls of vulnerability
 z - 2 scrolls of amnesia
 A - a scroll of holy word
 E - a scroll of fear
 G - 2 scrolls of summoning
 H - a scroll of torment
Potions
 c - 5 potions of mutation
 g - 6 potions of brilliance
 n - 2 potions of resistance
 o - 4 potions of curing
 r - 2 potions of might
 I - a potion of heal wounds
 J - a potion of magic {unknown}


   Skills:
 + Level 5.9 Fighting
 + Level 10.7 Short Blades
 + Level 7.5 Dodging
 * Level 14.7 Stealth
 + Level 2.8 Spellcasting
 * Level 17.6 Hexes
 + Level 7.4 Evocations


You had 8 spell levels left.
You knew the following spells:

 Your Spells              Type           Power      Damage    Failure   Level
a - Corona                Hex            74%        N/A       0%          1
b - Ensorcelled Hibernat  Hex/Ice        80%        N/A       1%          2
c - Confusing Touch       Hex            67%        N/A       1%          3
d - Dazzling Flash        Conj/Hex       80%        N/A       1%          3

Your spell library contained the following spells:

 Spells                   Type           Power      Damage    Failure   Level
 Slow                     Hex            67%        N/A       0%          2
 Portal Projectile        Hex/Tloc       80%        N/A       1%          3
 Tukima's Dance           Hex            67%        N/A       1%          3
 Fulminant Prism          Conj/Hex       20%        3d13      1%          4
 Animate Skeleton         Necr           6%         N/A       6%          1
 Apportation              Tloc           6%         N/A       6%          1
 Beastly Appendage        Tmut           6%         N/A       6%          1
 Magic Dart               Conj           12%        1d3       6%          1
 Pain                     Necr           12%        1d4       6%          1
 Summon Small Mammal      Summ           12%        N/A       6%          1
 Searing Ray              Conj           6%         3d3       9%          2
 Wereblood                Tmut           3%         N/A       9%          2
 Ozocubu's Armour         Ice            3%         N/A       16%         3
 Spider Form              Tmut/Pois      1%         N/A       16%         3
 Vampiric Draining        Necr           1%         2d6       16%         3
 Blade Hands              Tmut           1%         N/A       80%         5
 Excruciating Wounds      Necr           1%         N/A       80%         5
 Ozocubu's Refrigeration  Ice            1%         4d5       100%        7


Dungeon Overview and Level Annotations

Branches:
Dungeon (13/15)            Temple (1/1) D:5            Lair (3/6) D:9
    Orc (0/2) D:12         Vaults (0/5) D:13
  Swamp: Lair:2-4    Shoals: Lair:2-4     Snake: Lair:2-4    Spider: Lair:2-4

Altars:
Dithmenos
Nemelex Xobeh
Vehumet
Wu Jian
Xom
Zin

Annotations:
D:7 1 runed translucent door, H0rd4k's ghost, novice HuAr
D:13 1 runed translucent door


Innate Abilities, Weirdness & Mutations

You do not regenerate when monsters are visible.
You are frail without blood (-20% HP).
You can heal yourself when you bite living creatures.
You are immune to poison.
You have razor-sharp teeth.
You have supernaturally acute eyesight. (SInv)
You are afflicted with vampirism and can become a bat while bloodless.


Message History

You catch the helpless komodo dragon completely off-guard!
You bite the komodo dragon, and draw its blood!
You feel better.
You impale the komodo dragon!!
You kill the komodo dragon!
Dithmenos accepts your kill.
A six-headed hydra is nearby!
A six-headed hydra is nearby!
Found 8 gold pieces.
Found a stone staircase leading down.
The six-headed hydra roars!
You puncture the six-headed hydra!
The six-headed hydra is lightly wounded.
Your +5 quick blade of Askiu {spect, rN+ rCorr Int+2} completely misses the six-headed hydra.
The six-headed hydra closely misses you.
The six-headed hydra bites you! x2; The six-headed hydra bites you.
The six-headed hydra bites you! The six-headed hydra bites you.
Aiming: Ensorcelled Hibernation (safe; 1% risk of failure)
Press: ? - help, Q - select action, (/) - cycle Shift-Dir - straight line, f - six-headed hydra
Aim: a six-headed hydra (lightly wounded, umbra, chance to affect: 32%)
Okay, then.
The six-headed hydra bites you! x2; The six-headed hydra misses you.
The six-headed hydra closely misses you.
The six-headed hydra bites you but does no damage.
The six-headed hydra bites you!
* * * LOW HITPOINT WARNING * * *
You blink.
Unknown command.
Found a long sword.
Casting: Ensorcelled Hibernation (safe; 1% risk of failure)
Confirm with . or Enter, or press ? or * to list all spells.
Okay, then.
You blink.
The six-headed hydra bites you but does no damage.
The six-headed hydra misses you. The six-headed hydra bites you!
* * * LOW HITPOINT WARNING * * *
The six-headed hydra bites you.
* * * LOW HITPOINT WARNING * * *
The six-headed hydra bites you.
* * * LOW HITPOINT WARNING * * *
The six-headed hydra bites you.
You die...

#>...♣≈....$.
...≈♣≈..≈♣..###
.≈♣≈≈.≈.≈♣#♣≈#
♣≈≈≈..≈≈≈PP♣≈#♣#
♣≈≈≈≈..≈≈≈≈≈≈♣≈#
♣≈≈≈!...≈≈≈≈P≈#
♣≈≈≈...≈≈≈≈PP♣
♣♣≈≈..≈≈≈P≈@≈♣ #.
♣≈≈....≈≈≈≈≈D♣
#..♣≈≈≈.†≈≈≈≈≈≈≈♣#
#..♣♣≈≈..≈†††≈≈P.#
#..≈P...l†≈≈≈≈..#
#P..♣...≈≈≈≈≈≈.)#
##P......P≈P≈≈♣.##
##........≈≈≈≈♣♣.##
#.........♣≈≈P♣...#


You could see a six-headed hydra and a basilisk (wandering).

Vanquished Creatures
  4 hydras
  A boulder beetle (D:12)
  2 two-headed ogres
  A fire crab (shapeshifter) (D:12)
  A deep elf pyromancer (D:12)
  An oklob plant (Lair:2)
  Pikel (D:7)
  7 elephants
  A manticore (D:13)
  5 centaur zombies
  Maggie (D:7)
  6 cane toads
  A rime drake (Lair:2)
  2 tengu conjurers (D:12)
  5 komodo dragons
  2 hellwings (D:7)
  3 trolls
  2 hornets
  4 blink frogs (Lair:2)
  Prince Ribbit (D:7)
  2 meliai zombies
  2 wyverns
  A vampire (D:10)
  3 wraiths
  Eustachio (D:5)
  A steam dragon (D:8)
  24 yaks
  6 vampire mosquitoes
  Menkaure (D:7)
  6 water moccasins
  Edmund (D:4)
  An acid dragon (D:6)
  5 orc warriors
  A black bear (D:6)
  A floating eye (shapeshifter) (D:13)
  A sky beast (D:6)
  11 wolves
  2 ogres
  4 necrophages
  4 centaurs
  A phantom (D:6)
  2 lemures (D:7)
  A kobold brigand (D:11)
  8 bullfrogs
  4 scorpions
  9 killer bees
  4 howler monkeys
  An electric eel (D:8)
  A bullfrog zombie (D:6)
  2 hounds
  5 centaur skeletons
  A jelly (D:5)
  Crazy Yiuf (D:4)
  6 orc priests
  13 orc wizards
  A killer bee zombie (D:8)
  A hound zombie (D:5)
  A hound skeleton (D:5)
  A howler monkey zombie (D:6)
  6 adders
  3 shadow imps (D:7)
  3 white imps
  An ufetubus (D:6)
  A worm (D:3)
  3 dart slugs
  32 orcs
  4 ball pythons
  3 bats
  5 endoplasms
  7 giant cockroaches
  6 hobgoblins
  6 jackals
  3 quokkas
  5 frilled lizards
  11 goblins
  8 kobolds
  13 rats
312 creatures vanquished.

Vanquished Creatures (others)
  16 fungi
  38 plants
  4 withered plants (D:7)
58 creatures vanquished.

Grand Total: 370 creatures vanquished

Notes
Turn   | Place    | Note
-------+----------+-------------------------------------------
     0 | D:1      | Garessta the Vampire Enchanter began the quest for the Orb.
     0 | D:1      | Reached XP level 1. HP: 13/13 MP: 3/3
   150 | D:1      | Reached skill level 5 in Hexes
   150 | D:1      | Reached XP level 2. HP: 13/19 MP: 3/5
   153 | D:1      | Learned a level 2 spell: Ensorcelled Hibernation
   276 | D:1      | Found a faded altar of an unknown god.
   424 | D:1      | Reached skill level 5 in Stealth
   426 | D:1      | Became a worshipper of Dithmenos the Shadowed
   426 | D:1      | Reached * piety under Dithmenos
   915 | D:1      | Gained mutation: You are afflicted with vampirism and can
                  | become a bat while bloodless. [Vampire growth]
   915 | D:1      | Reached XP level 3. HP: 24/24 MP: 6/6
  1474 | D:2      | Reached skill level 6 in Hexes
  1706 | D:2      | Reached ** piety under Dithmenos
  2234 | D:3      | Reached XP level 4. HP: 24/24 MP: 7/7
  3439 | D:4      | Reached skill level 7 in Hexes
  3484 | D:4      | Noticed Edmund
  3492 | D:4      | Killed Edmund
  3493 | D:4      | Reached skill level 8 in Hexes
  3493 | D:4      | Reached XP level 5. HP: 28/28 MP: 8/8
  3597 | D:4      | Reached XP level 6. HP: 32/32 MP: 9/9
  4263 | D:4      | Found a runed translucent door.
  4264 | D:4      | Noticed Crazy Yiuf
  4756 | D:4      | Killed Crazy Yiuf
  4757 | D:4      | Reached skill level 9 in Hexes
  4790 | D:5      | Entered Level 5 of the Dungeon
  4856 | D:5      | Identified a scroll of acquirement
  4856 | D:5      | Acquired the +5 quick blade of Askiu {spect, rN+ rCorr
                  | Int+2}
  4867 | D:5      | Found a staircase to the Ecumenical Temple.
  4868 | D:5      | Noticed a water moccasin
  4873 | D:5      | Killed a water moccasin
  4881 | Temple   | Entered the Ecumenical Temple
  4886 | Temple   | Learned a level 3 spell: Confusing Touch
  4890 | D:5      | Reached *** piety under Dithmenos
  4936 | D:5      | Found a sparkling altar of Nemelex Xobeh.
  4957 | D:5      | Reached XP level 7. HP: 36/36 MP: 10/10
  5078 | D:5      | Noticed a two-headed ogre
  5215 | D:5      | Reached XP level 8. HP: 41/41 MP: 11/11
  5280 | D:5      | Noticed Eustachio
  5304 | D:5      | Killed Eustachio
  5552 | D:5      | Acquired the ring "Isyj Pae" {+Blink rF+}
  5554 | D:5      | Acquired a +1 pair of boots of flying
  5556 | D:5      | Acquired the ring of Wu Jian's Castigation {*Corrode
                  | Will+++ EV+4 Str+6}
  5694 | D:6      | Reached skill level 1 in Evocations
  5743 | D:6      | Acquired 619 gold pieces
  5749 | D:6      | Reached skill level 10 in Hexes
  6116 | D:6      | Reached skill level 11 in Hexes
  6116 | D:6      | Reached XP level 9. HP: 45/45 MP: 12/12
  6168 | D:6      | Acquired the +0 pair of gloves "Azauluod" {Rampage rElec}
  6318 | D:6      | Reached **** piety under Dithmenos
  6535 | D:7      | Noticed Maggie
  6553 | D:7      | Killed Maggie
  6554 | D:7      | Reached skill level 12 in Hexes
  6560 | D:7      | Reached skill level 10 in Stealth
  6584 | D:7      | Noticed Menkaure
  6590 | D:7      | Killed Menkaure
  6695 | D:7      | Noticed a hellwing
  6796 | D:7      | Reached skill level 13 in Hexes
  7029 | D:7      | Reached XP level 10. HP: 50/51 MP: 10/13
  7071 | D:7      | Reached skill level 1 in Fighting
  7240 | D:7      | Reached skill level 14 in Hexes
  7278 | D:7      | Noticed Pikel
  7316 | D:7      | Killed Pikel
  7317 | D:7      | Reached skill level 5 in Evocations
  7501 | D:7      | Noticed Prince Ribbit
  7504 | D:7      | Found a runed translucent door.
  7506 | D:7      | Killed Prince Ribbit
  7507 | D:7      | Noticed H0rd4k's ghost (novice HuAr)
  7699 | D:8      | Learned a level 3 spell: Dazzling Flash
  8112 | D:8      | Reached ***** piety under Dithmenos
  8569 | D:9      | Reached XP level 11. HP: 59/59 MP: 14/14
  8906 | D:9      | Found a staircase to the Lair.
  9094 | D:10     | Entered Level 10 of the Dungeon
  9213 | D:10     | Reached skill level 15 in Hexes
 10025 | D:11     | Found an ornate altar of the Wu Jian Council.
 10038 | D:11     | Noticed a two-headed ogre
 10042 | D:11     | Killed a two-headed ogre
 10136 | D:11     | Reached skill level 5 in Dodging
 10643 | D:12     | Noticed a deep elf pyromancer
 10645 | D:12     | Killed a deep elf pyromancer
 10742 | D:12     | Found a staircase to the Orcish Mines.
 10912 | D:12     | Noticed a two-headed ogre
 10918 | D:12     | Noticed a boulder beetle
 10936 | D:12     | Killed a two-headed ogre
 11483 | D:12     | Noticed a fire crab
 11484 | D:12     | Killed a fire crab
 11593 | D:12     | Killed a boulder beetle
 11594 | D:12     | Reached skill level 16 in Hexes
 12089 | D:13     | Noticed a red ugly thing
 12165 | D:13     | Reached XP level 12. HP: 67/67 MP: 15/15
 12189 | D:13     | Found a gate to the Vaults.
 12189 | D:13     | Noticed a vault guard
 12189 | D:13     | Noticed a vault guard
 12189 | D:13     | Noticed a vault guard
 12189 | D:13     | Noticed a vault guard
 12196 | D:13     | Noticed a centaur warrior
 12200 | D:13     | Found a runed translucent gate.
 12304 | D:13     | Noticed a tengu warrior
 12386 | Lair:1   | Entered Level 1 of the Lair of Beasts
 12392 | Lair:1   | Noticed a seven-headed hydra
 12566 | Lair:1   | Noticed an eight-headed hydra
 12571 | Lair:1   | Killed an eight-headed hydra
 13221 | Lair:1   | Reached skill level 10 in Short Blades
 13502 | Lair:1   | Reached skill level 5 in Fighting
 14108 | Lair:1   | Killed a seven-headed hydra
 14603 | Lair:2   | Noticed a seven-headed hydra
 14607 | Lair:2   | Killed a seven-headed hydra
 14608 | Lair:2   | Reached skill level 17 in Hexes
 14614 | Lair:2   | Noticed a four-headed hydra
 14619 | Lair:2   | Killed a four-headed hydra
 15101 | Lair:2   | Reached XP level 13. HP: 74/74 MP: 16/16
 15544 | Lair:3   | Slain by a six-headed hydra

Illustrated notes

Levels and vault maps discovered:
D:1:      lightli_arrival_flooded_house, layout_loops_ring,
          chequers_ecumenical_altar_island
D:2:      layout_basic
D:3:      minmay_chambers_of_twos, layout_loops_ring, corexii_shack,
          hangedman_decor_clover_reticule, kennysheep_generic_room_5
D:4:      layout_basic, skrybe_limestone_x, corexii_corridor_pit,
          amethyst_killhole, uniq_edmund, uniq_crazy_yiuf_cottage
D:5:      layout_loops_cross, mainiacjoe_overflow_paths,
          minmay_temple_entry_junction_2, uniq_eustachio
D:6:      layout_rooms, minmay_alternating_orb
D:7:      cheibrodos_grave_circle, layout_basic, ebering_ghost_reflecting_pool,
          uniq_maggie, uniq_prince_ribbit1, uniq_menkaure, uniq_pikel
D:8:      layout_loops_ring, nicolae_water_bricks
D:9:      layout_loops_corners, grunt_lair_entry_orc_guard_hut
D:10:     layout_roguey
D:11:     layout_basic, nicolae_wu_jian_wuxing_cycle
D:12:     layout_roguey, orc_0_dummy, minivault_14, evilmike_butchery
D:13:     minmay_the_grid_square_5x5_4x4 [minmay_the_grid_square_5x5_fat_x,
          minmay_the_grid_square_5x5_shuriken,
          minmay_the_grid_square_5x5_almost_minimal,
          minmay_the_grid_square_5x5_detours, minmay_the_grid_square_5x5_two,
          minmay_the_grid_square_5x5_prize_snowflake,
          minmay_the_grid_square_5x5_prize_open,
          minmay_the_grid_square_5x5_longway, minmay_the_grid_square_5x5_lines,
          minmay_the_grid_square_5x5_prize_itemx,
          minmay_the_grid_square_5x5_prize_junk, minmay_the_grid_square_5x5_v,
          minmay_the_grid_square_5x5_checkered_sparse,
          minmay_the_grid_square_5x5_mess,
          minmay_the_grid_square_5x5_half_checkered,
          minmay_the_grid_square_5x5_hollow_slash], layout_small_grid,
          lightli_vaults_fourway_checkpoint, gammafunk_ghost_ooze,
          nicolae_trove_entry_diagonal, uniq_josephine
Temple:   grunt_wide_crystal_templ
Lair:1:   layout_layer_cave
Lair:2:   layout_regular_city
Lair:3:   layout_misc_corridors, minmay_shoals_entry_beasts, serial_bayou,
          serial_bayou_shore_a, serial_bayou_pond_b, serial_bayou_pond_e,
          serial_bayou_ford_a

Skill      XL: |  1  2  3  4  5  6  7  8  9 10 11 12 |
---------------+-------------------------------------+-----
Hexes          | 5 6 8 9 11 13 14 16 17 | 17.6
Stealth        | 5 6 7 9 10 12 13 14 | 14.7
Short Blades   | 4 7 8 9 10 | 10.7
Evocations     | 2 4 5 6 7 |  7.4
Fighting       | 2 4 5 |  5.9
Dodging        | 4 6 7 |  7.5
Spellcasting   | |  2.8

Action                   |  1- 3 |  4- 6 |  7- 9 | 10-12 | 13-15 || total
-------------------------+-------+-------+-------+-------+-------++-------
Melee: Dagger            |   116 |    71 |       |       |       ||   187
       Bite              |     3 |     5 |    12 |    23 |     5 ||    48
       Quick blade       |       |     7 |   117 |   302 |    45 ||   471
 Cast: Corona            |     1 |       |       |       |       ||     1
       Ensorcelled Hiber |    16 |    14 |    29 |    94 |    23 ||   176
       Confusing Touch   |       |     1 |    11 |    18 |       ||    30
       Dazzling Flash    |       |       |       |    10 |     4 ||    14
 Abil: Exsanguinate      |     1 |       |       |       |       ||     1
       Evoke Blink       |       |       |     2 |     7 |     2 ||    11
  Use: Scroll            |       |     9 |    16 |     8 |       ||    33
       Potion            |       |       |       |     1 |       ||     1
 Stab: Sleeping          |    26 |    25 |    44 |   107 |     8 ||   210
       Distracted        |       |     3 |       |     2 |     3 ||     8
       Confused          |       |     1 |    11 |    17 |       ||    29
       Invisible         |       |       |       |     7 |     6 ||    13
Armor: Robe              |    14 |     8 |    14 |    45 |     6 ||    87
Dodge: Dodged            |    85 |    32 |    48 |   135 |    21 ||   321
